General information
			
			
        
        - name: BNet
 
        - type: Ladder team game (AT/RT)
 
        - host: Battle.net
 
        - saver: FriendlyTyler
 
        
map: Friends 
        - players: 8
 
        - length: 42:16
 
        - speed: Fast
 - version: 1.22 W3XP
 - replay type:  

 
» download(287 KB)
Players
        team 1 (loser) 
              
              
AoS)DirtyMnky (
orange | 66 APM | 2809 actions | 42:16)
              
 4 Death Knight 
 2 Death Coil
 2 Unholy Aura
 3 Crypt Lord 
 2 Impale
 1 Spiked Carapace
 1 Blademaster 
 1 Critical Strike
 
                » actions 
                
                | Assign group hotkey | 24 |  | 
| Basic commands | 14 |  | 
| Build / train | 84 |  | 
| ESC pressed | 3 |  | 
| Enter build submenu | 61 |  | 
| Enter hero's abilities submenu | 8 |  | 
| Remove unit from queue | 3 |  | 
| Right click | 1455 |  | 
| Select / deselect | 705 |  | 
| Select group hotkey | 292 |  | 
| Use ability | 160 |  | 
                2809 total
 » units 
                
                | Acolyte | 32 |  | 
| Ghoul | 8 |  | 
| Crypt Fiend | 12 |  | 
| Goblin Zeppelin | 2 |  | 
| Frost Wyrm | 1 |  | 
                55 total
 » upgrades
                
                | Creature Attack | 1 |  | 
| Creature Carapace | 1 |  | 
| Freezing Breath | 1 |  | 
                3 total
 » buildings
                
                | Crypt | 4 |  | 
| Graveyard | 1 |  | 
| Altar of Darkness | 2 |  | 
| Ziggurat | 32 |  | 
| Tomb of Relics | 1 |  | 
| Halls of the Dead | 2 |  | 
| Black Citadel | 1 |  | 
| Sacrificial Pit | 1 |  | 
| Nerubian Tower | 4 |  | 
| Spirit Tower | 2 |  | 
| Necropolis | 21 |  | 
| Boneyard | 4 |  | 
                75 total
 » build order
                00:11 Crypt
00:17 Graveyard
00:41 Altar of Darkness
00:46 Ziggurat
01:08 Crypt
01:12 Ziggurat
01:35 Tomb of Relics
01:58 Ziggurat
02:52 Halls of the Dead
03:43 Ziggurat
05:20 Ziggurat
05:21 Ziggurat
05:23 Black Citadel
08:11 Sacrificial Pit
10:17 Nerubian Tower
10:18 Spirit Tower
14:46 Necropolis
15:39 Necropolis
16:42 Boneyard
17:35 Boneyard
19:43 Boneyard
19:45 Boneyard
24:28 Ziggurat
24:29 Ziggurat
24:30 Ziggurat
24:31 Ziggurat
24:32 Ziggurat
24:36 Ziggurat
24:37 Ziggurat
24:37 Ziggurat
24:38 Ziggurat
24:39 Ziggurat
24:40 Ziggurat
24:42 Ziggurat
24:46 Ziggurat
24:53 Halls of the Dead
26:07 Nerubian Tower
26:09 Nerubian Tower
26:11 Spirit Tower
26:21 Ziggurat
26:22 Ziggurat
26:23 Ziggurat
26:25 Ziggurat
26:28 Ziggurat
26:30 Ziggurat
26:31 Ziggurat
26:32 Ziggurat
26:34 Ziggurat
26:35 Ziggurat
26:36 Ziggurat
26:37 Ziggurat
26:38 Ziggurat
26:49 Altar of Darkness
29:10 Crypt
29:12 Crypt
31:36 Nerubian Tower
33:25 Necropolis
33:43 Necropolis
34:10 Necropolis
34:47 Necropolis
35:15 Necropolis
35:36 Necropolis
36:06 Necropolis
36:08 Necropolis
36:39 Necropolis
36:52 Necropolis
37:19 Necropolis
37:36 Necropolis
37:56 Necropolis
38:05 Necropolis
38:12 Necropolis
38:18 Necropolis
38:24 Necropolis
38:27 Necropolis
39:03 Necropolis
» items
                
                | Rod of Necromancy | 1 |  | 
| Dust of Appearance | 1 |  | 
| Potion of Healing | 1 |  | 
                3 total
  
               
              
              
KoGG.AcO-RuSh (
purple | 67 APM | 1605 actions | 23:52)
              
 3 Blademaster 
 2 Wind Walk
 1 Critical Strike
 
                » actions 
                
                | Assign group hotkey | 11 |  | 
| Basic commands | 10 |  | 
| Build / train | 65 |  | 
| ESC pressed | 10 |  | 
| Enter build submenu | 25 |  | 
| Enter hero's abilities submenu | 3 |  | 
| Give item / drop item | 1 |  | 
| Right click | 1098 |  | 
| Select / deselect | 236 |  | 
| Select group hotkey | 52 |  | 
| Use ability | 94 |  | 
                1605 total
 » units 
                
                | Peon | 10 |  | 
| Grunt | 5 |  | 
| Troll Batrider | 24 |  | 
| Raider | 1 |  | 
                40 total
 » upgrades
                » buildings
                
                | Orc Burrow | 9 |  | 
| Altar of Storms | 1 |  | 
| Barracks | 3 |  | 
| Voodoo Lounge | 1 |  | 
| Stronghold | 5 |  | 
| Fortress | 2 |  | 
| Beastiary | 4 |  | 
| Great Hall | 1 |  | 
                26 total
 » build order
                00:22 Orc Burrow
00:25 Altar of Storms
00:39 Barracks
01:51 Orc Burrow
02:47 Voodoo Lounge
04:00 Stronghold
04:00 Stronghold
04:00 Stronghold
05:39 Orc Burrow
06:14 Stronghold
06:14 Stronghold
07:06 Orc Burrow
09:58 Fortress
09:58 Fortress
10:09 Barracks
10:13 Barracks
13:31 Beastiary
13:35 Beastiary
13:39 Beastiary
13:42 Beastiary
15:35 Orc Burrow
17:02 Great Hall
17:59 Orc Burrow
18:00 Orc Burrow
18:02 Orc Burrow
21:04 Orc Burrow
» items
                
                | Lesser Clarity Potion | 1 |  | 
| Healing Salve | 1 |  | 
| Orb of Lightning | 3 |  | 
| Scroll of Speed | 2 |  | 
| Potion of Healing | 2 |  | 
| Potion of Mana | 2 |  | 
| Orb of Corruption | 1 |  | 
                12 total
  
               
              
              
MiSS.TUFFSiE (
pink | 37 APM | 873 actions | 23:47)
              
 3 Archmage 
 2 Blizzard
 1 Brilliance Aura
 
                » actions 
                
                | Basic commands | 2 |  | 
| Build / train | 67 |  | 
| Enter build submenu | 22 |  | 
| Enter hero's abilities submenu | 3 |  | 
| Right click | 401 |  | 
| Select / deselect | 332 |  | 
| Use ability | 46 |  | 
                873 total
 » units 
                
                | Peasant | 9 |  | 
| Rifleman | 11 |  | 
| Mortar Team | 11 |  | 
| Flying Machine | 2 |  | 
| Dragonhawk Rider | 14 |  | 
                47 total
 » upgrades
                
                | Gunpowder | 2 |  | 
| Armor | 2 |  | 
| Long Rifles | 1 |  | 
| Lumber Harvesting | 1 |  | 
| Masonry | 1 |  | 
| Flare | 1 |  | 
| Cloud | 1 |  | 
| Fragmentation Shards | 1 |  | 
                10 total
 » buildings
                
                | Altar of Kings | 1 |  | 
| Farm | 13 |  | 
| Blacksmith | 1 |  | 
| Barracks | 1 |  | 
| Lumber Mill | 1 |  | 
| Keep | 1 |  | 
| Arcane Vault | 1 |  | 
| Workshop | 2 |  | 
| Gryphon Aviary | 1 |  | 
| Castle | 1 |  | 
                23 total
 » build order
                00:14 Altar of Kings
00:17 Farm
01:03 Blacksmith
01:49 Barracks
01:56 Farm
01:59 Lumber Mill
02:27 Farm
03:50 Farm
04:34 Farm
05:13 Farm
05:52 Farm
06:30 Keep
06:32 Farm
07:02 Arcane Vault
07:18 Farm
07:59 Farm
08:52 Farm
09:03 Workshop
09:05 Workshop
09:59 Farm
10:43 Farm
11:05 Gryphon Aviary
14:20 Castle
» items
                
                | Scroll of Regeneration | 1 |  | 
| Mechanical Critter | 2 |  | 
| Scroll of Town Portal | 1 |  | 
                4 total
  
               
              
              
Omega- (
yellow | 55 APM | 425 actions | 07:47)
              
 1 Demon Hunter 
 1 Mana Burn
 
                » actions 
                
                | Assign group hotkey | 12 |  | 
| Build / train | 20 |  | 
| Enter build submenu | 4 |  | 
| Enter hero's abilities submenu | 1 |  | 
| Remove unit from queue | 2 |  | 
| Right click | 177 |  | 
| Select / deselect | 70 |  | 
| Select group hotkey | 112 |  | 
| Use ability | 27 |  | 
                425 total
 » units 
                » buildings
                
                | Altar of Elders | 1 |  | 
| Moon Well | 1 |  | 
| Tree of Life | 2 |  | 
                4 total
 » build order
                00:09 Altar of Elders
00:32 Moon Well
06:32 Tree of Life
07:15 Tree of Life
 
               team 2 (winner) 
              
              
AWOOTABEGAaaAAA (
red | 65 APM | 2745 actions | 42:16)
              
 6 Warden 
 3 Shadow Strike
 2 Blink
 1 Spirit of Vengeance
 
                » actions 
                
                | Assign group hotkey | 15 |  | 
| Basic commands | 90 |  | 
| Build / train | 72 |  | 
| Enter build submenu | 28 |  | 
| Enter hero's abilities submenu | 6 |  | 
| Give item / drop item | 2 |  | 
| Right click | 1620 |  | 
| Select / deselect | 250 |  | 
| Select group hotkey | 513 |  | 
| Use ability | 149 |  | 
                2745 total
 » units 
                
                | Wisp | 32 |  | 
| Chimaera | 3 |  | 
| Hippogryph | 4 |  | 
| Goblin Zeppelin | 1 |  | 
                40 total
 » upgrades
                
                | Nature's Blessing | 1 |  | 
| Strength of the Wild | 3 |  | 
| Corrosive Breath | 1 |  | 
| Reinforced Hides | 3 |  | 
| Well Spring | 1 |  | 
| Ultravision | 1 |  | 
                10 total
 » buildings
                
                | Altar of Elders | 2 |  | 
| Moon Well | 8 |  | 
| Ancient of Wonders | 1 |  | 
| Tree of Life | 6 |  | 
| Tree of Ages | 2 |  | 
| Ancient of Wind | 2 |  | 
| Tree of Eternity | 1 |  | 
| Hunter's Hall | 2 |  | 
| Chimaera Roost | 6 |  | 
                30 total
 » build order
                00:07 Altar of Elders
00:29 Moon Well
02:39 Moon Well
02:41 Moon Well
08:29 Ancient of Wonders
08:32 Tree of Life
08:36 Tree of Life
10:56 Tree of Life
10:58 Tree of Ages
10:59 Tree of Ages
17:29 Tree of Life
17:40 Ancient of Wind
17:40 Ancient of Wind
17:42 Altar of Elders
19:38 Tree of Eternity
24:18 Hunter's Hall
25:19 Tree of Life
25:30 Chimaera Roost
25:31 Chimaera Roost
25:32 Chimaera Roost
25:33 Chimaera Roost
25:35 Chimaera Roost
25:37 Chimaera Roost
25:40 Moon Well
25:41 Moon Well
25:43 Moon Well
25:46 Moon Well
25:46 Moon Well
25:59 Tree of Life
26:04 Hunter's Hall
» items
                
                | Lesser Clarity Potion | 2 |  | 
| Healing Salve | 1 |  | 
| Orb of Lightning | 1 |  | 
| Runed Bracers | 1 |  | 
| Scroll of Town Portal | 2 |  | 
| Potion of Healing | 2 |  | 
| Staff of Sanctuary | 1 |  | 
                10 total
  
               
              
              
FriendlyTyler (
teal | 91 APM | 3863 actions | 42:16)
              
 5 Archmage 
 3 Blizzard
 2 Brilliance Aura
 5 Mountain King 
 3 Storm Bolt
 2 Bash
 4 Paladin 
 2 Holy Light
 2 Divine Shield
 
                » actions 
                
                | Assign group hotkey | 10 |  | 
| Basic commands | 26 |  | 
| Build / train | 132 |  | 
| Enter build submenu | 84 |  | 
| Enter hero's abilities submenu | 15 |  | 
| Give item / drop item | 10 |  | 
| Right click | 2214 |  | 
| Select / deselect | 579 |  | 
| Select group hotkey | 525 |  | 
| Use ability | 268 |  | 
                3863 total
 » units 
                
                | Peasant | 15 |  | 
| Priest | 2 |  | 
| Goblin Shredder | 1 |  | 
| Goblin Zeppelin | 6 |  | 
                24 total
 » upgrades
                
                | Masonry | 3 |  | 
| Lumber Harvesting | 1 |  | 
| Magic Sentry | 1 |  | 
| Priest Training | 2 |  | 
                7 total
 » buildings
                
                | Altar of Kings | 1 |  | 
| Lumber Mill | 2 |  | 
| Farm | 6 |  | 
| Scout Tower | 103 |  | 
| Arcane Tower | 8 |  | 
| Guard Tower | 50 |  | 
| Keep | 2 |  | 
| Castle | 1 |  | 
| Arcane Sanctum | 1 |  | 
| Town Hall | 1 |  | 
| Arcane Vault | 4 |  | 
                179 total
 » build order
                00:19 Altar of Kings
00:24 Lumber Mill
00:33 Farm
01:04 Scout Tower
01:09 Farm
01:23 Scout Tower
01:48 Arcane Tower
01:49 Arcane Tower
01:49 Arcane Tower
02:11 Guard Tower
02:11 Guard Tower
02:11 Guard Tower
02:34 Scout Tower
02:42 Scout Tower
03:00 Arcane Tower
03:00 Arcane Tower
03:15 Guard Tower
03:16 Guard Tower
03:18 Scout Tower
03:20 Scout Tower
03:22 Scout Tower
03:35 Scout Tower
03:37 Scout Tower
03:41 Scout Tower
04:06 Scout Tower
04:07 Scout Tower
04:08 Guard Tower
04:08 Guard Tower
04:08 Guard Tower
04:11 Scout Tower
04:12 Scout Tower
04:27 Scout Tower
04:28 Scout Tower
04:42 Guard Tower
04:44 Scout Tower
04:45 Scout Tower
04:47 Guard Tower
04:49 Scout Tower
04:53 Scout Tower
04:55 Guard Tower
04:57 Scout Tower
04:59 Scout Tower
05:01 Keep
05:07 Farm
05:10 Scout Tower
05:12 Scout Tower
05:13 Guard Tower
05:13 Guard Tower
05:15 Scout Tower
05:17 Scout Tower
05:31 Guard Tower
05:33 Scout Tower
05:33 Scout Tower
05:37 Scout Tower
05:51 Guard Tower
06:03 Scout Tower
06:04 Scout Tower
06:05 Scout Tower
06:06 Scout Tower
06:07 Guard Tower
06:08 Scout Tower
06:10 Scout Tower
06:19 Guard Tower
06:23 Scout Tower
07:01 Guard Tower
07:04 Scout Tower
07:05 Scout Tower
08:05 Guard Tower
08:08 Scout Tower
08:09 Scout Tower
08:09 Scout Tower
08:13 Guard Tower
08:41 Guard Tower
08:50 Guard Tower
08:52 Guard Tower
09:15 Castle
09:30 Scout Tower
09:32 Scout Tower
09:34 Scout Tower
09:36 Scout Tower
09:37 Scout Tower
09:46 Farm
09:48 Farm
09:49 Farm
09:50 Scout Tower
09:51 Scout Tower
09:52 Scout Tower
09:52 Scout Tower
10:31 Guard Tower
10:34 Scout Tower
10:35 Scout Tower
10:38 Scout Tower
10:41 Guard Tower
10:54 Arcane Sanctum
10:58 Guard Tower
11:05 Guard Tower
11:17 Guard Tower
12:08 Town Hall
12:19 Scout Tower
12:20 Scout Tower
12:21 Scout Tower
12:26 Guard Tower
12:44 Scout Tower
12:45 Scout Tower
12:47 Scout Tower
13:09 Lumber Mill
13:13 Guard Tower
14:05 Scout Tower
14:06 Scout Tower
14:07 Scout Tower
14:08 Scout Tower
15:05 Guard Tower
15:05 Guard Tower
15:49 Guard Tower
15:51 Scout Tower
15:53 Scout Tower
15:58 Guard Tower
16:01 Scout Tower
16:03 Scout Tower
16:22 Guard Tower
16:31 Guard Tower
17:09 Scout Tower
17:10 Scout Tower
17:11 Scout Tower
17:12 Scout Tower
17:13 Scout Tower
17:28 Guard Tower
18:03 Guard Tower
18:05 Scout Tower
18:06 Scout Tower
18:07 Scout Tower
18:21 Guard Tower
19:01 Guard Tower
19:04 Scout Tower
19:05 Scout Tower
19:05 Scout Tower
19:07 Scout Tower
19:10 Scout Tower
19:11 Scout Tower
19:13 Scout Tower
19:48 Guard Tower
19:52 Guard Tower
19:55 Scout Tower
19:56 Scout Tower
20:03 Guard Tower
20:07 Scout Tower
20:08 Scout Tower
20:08 Scout Tower
20:10 Scout Tower
20:11 Scout Tower
20:12 Scout Tower
20:15 Scout Tower
20:16 Scout Tower
20:17 Scout Tower
20:19 Scout Tower
20:20 Scout Tower
20:21 Scout Tower
20:22 Scout Tower
20:22 Scout Tower
20:23 Scout Tower
20:25 Scout Tower
20:27 Scout Tower
21:18 Guard Tower
21:21 Arcane Vault
21:22 Arcane Vault
21:26 Arcane Vault
21:27 Arcane Vault
21:37 Guard Tower
21:41 Scout Tower
21:41 Scout Tower
22:26 Guard Tower
24:23 Guard Tower
28:57 Arcane Tower
» items
                
                | Healing Salve | 1 |  | 
| Lesser Clarity Potion | 1 |  | 
| Inferno Stone | 2 |  | 
| Runed Bracers | 1 |  | 
| Health Stone | 1 |  | 
| Ice Shard | 1 |  | 
| Mana Stone | 2 |  | 
| Orb of Lightning | 1 |  | 
| Scroll of Town Portal | 4 |  | 
| Staff of Sanctuary | 4 |  | 
| Demonic Figurine | 1 |  | 
| Amulet of the Wild | 1 |  | 
| Ankh of Reincarnation | 1 |  | 
                21 total
  
               
              
              
hyper.ch (
blue | 43 APM | 1797 actions | 42:16)
              
 8 Blademaster 
 3 Wind Walk
 3 Critical Strike
 1 Bladestorm
 1 Mirror Image
 
                » actions 
                
                | Assign group hotkey | 14 |  | 
| Basic commands | 151 |  | 
| Build / train | 97 |  | 
| ESC pressed | 8 |  | 
| Enter build submenu | 97 |  | 
| Enter hero's abilities submenu | 8 |  | 
| Give item / drop item | 5 |  | 
| Right click | 568 |  | 
| Select / deselect | 314 |  | 
| Select group hotkey | 316 |  | 
| Use ability | 219 |  | 
                1797 total
 » units 
                » upgrades
                
                | Reinforced Defenses | 1 |  | 
| Envenomed Spears | 1 |  | 
| War Drums Damage Increase | 1 |  | 
| Liquid Fire | 1 |  | 
| Ranged Weapons | 3 |  | 
| Spiked Barricades | 2 |  | 
| Troll Regeneration | 1 |  | 
| Burning Oil | 1 |  | 
| Ensnare | 1 |  | 
| Pillage | 1 |  | 
| Backpack | 1 |  | 
| Armor | 1 |  | 
                15 total
 » buildings
                
                | Altar of Storms | 1 |  | 
| Orc Burrow | 4 |  | 
| War Mill | 3 |  | 
| Voodoo Lounge | 3 |  | 
| Watch Tower | 90 |  | 
| Stronghold | 1 |  | 
| Fortress | 2 |  | 
| Beastiary | 3 |  | 
| Great Hall | 1 |  | 
| Barracks | 1 |  | 
                109 total
 » build order
                00:12 Altar of Storms
00:23 Orc Burrow
00:46 War Mill
01:18 Voodoo Lounge
02:03 Orc Burrow
02:18 Watch Tower
02:24 Watch Tower
02:36 Watch Tower
03:26 Watch Tower
03:30 Watch Tower
03:32 Watch Tower
03:45 Watch Tower
04:12 Watch Tower
04:18 Watch Tower
04:30 Watch Tower
04:58 Stronghold
05:02 Watch Tower
05:14 Watch Tower
05:18 Watch Tower
05:20 Watch Tower
05:34 Watch Tower
05:36 Watch Tower
05:52 Watch Tower
06:33 Voodoo Lounge
06:36 Watch Tower
06:42 Watch Tower
06:45 Watch Tower
07:28 Watch Tower
07:40 Watch Tower
07:44 Watch Tower
08:07 Watch Tower
08:11 Fortress
08:14 Fortress
08:40 Watch Tower
08:44 Watch Tower
08:55 Watch Tower
08:58 Watch Tower
09:04 Voodoo Lounge
09:09 Watch Tower
09:12 Watch Tower
09:16 Watch Tower
09:32 Watch Tower
09:36 Watch Tower
09:49 Watch Tower
09:56 Watch Tower
10:01 Watch Tower
10:05 Watch Tower
10:15 Watch Tower
10:52 Watch Tower
11:01 Watch Tower
11:41 Watch Tower
11:43 Watch Tower
11:45 Watch Tower
12:21 Beastiary
12:25 Beastiary
12:28 Beastiary
12:38 Orc Burrow
12:39 Orc Burrow
13:07 Watch Tower
13:08 Watch Tower
13:09 Watch Tower
13:09 Watch Tower
14:08 Watch Tower
14:26 Watch Tower
14:35 Watch Tower
15:30 Watch Tower
16:03 Watch Tower
16:39 Watch Tower
16:40 Watch Tower
17:36 Great Hall
20:26 Watch Tower
20:27 Watch Tower
20:28 Watch Tower
20:29 Watch Tower
20:30 Watch Tower
20:31 Watch Tower
25:03 Watch Tower
25:04 Watch Tower
25:05 Watch Tower
25:06 Watch Tower
27:42 Watch Tower
27:43 Watch Tower
27:46 Watch Tower
28:13 Watch Tower
28:22 Watch Tower
28:33 Watch Tower
28:47 Watch Tower
30:02 Watch Tower
30:02 Watch Tower
30:31 Barracks
30:41 War Mill
31:20 Watch Tower
31:23 Watch Tower
31:59 Watch Tower
32:04 Watch Tower
35:04 Watch Tower
35:32 Watch Tower
37:01 War Mill
38:38 Watch Tower
38:40 Watch Tower
38:41 Watch Tower
38:42 Watch Tower
38:43 Watch Tower
38:46 Watch Tower
38:47 Watch Tower
38:48 Watch Tower
38:49 Watch Tower
38:52 Watch Tower
41:20 Watch Tower
» items
                
                | Lesser Clarity Potion | 6 |  | 
| Healing Salve | 2 |  | 
| Orb of Corruption | 3 |  | 
| Potion of Divinity | 2 |  | 
| Scourge Bone Chimes | 1 |  | 
| Boots of Quel'Thalas +6 | 3 |  | 
| Tiny Great Hall | 1 |  | 
                18 total
  
               
              
              
ObamalsOsama (
green | 93 APM | 3916 actions | 42:16)
              
 6 Death Knight 
 3 Death Coil
 3 Unholy Aura
 6 Lich 
 3 Frost Nova
 2 Frost Armor
 1 Death and Decay
 5 Dreadlord 
 3 Carrion Swarm
 2 Vampiric Aura
 
                » actions 
                
                | Assign group hotkey | 37 |  | 
| Basic commands | 195 |  | 
| Build / train | 100 |  | 
| ESC pressed | 6 |  | 
| Enter build submenu | 22 |  | 
| Enter hero's abilities submenu | 17 |  | 
| Give item / drop item | 13 |  | 
| Right click | 1631 |  | 
| Select / deselect | 525 |  | 
| Select group hotkey | 1097 |  | 
| Use ability | 273 |  | 
                3916 total
 » units 
                
                | Acolyte | 4 |  | 
| Ghoul | 4 |  | 
| Crypt Fiend | 4 |  | 
| Obsidian Statue | 2 |  | 
| Frost Wyrm | 1 |  | 
| Goblin Zeppelin | 8 |  | 
| Meatwagon | 6 |  | 
                29 total
 » upgrades
                
                | Creature Attack | 3 |  | 
| Creature Carapace | 2 |  | 
| Web | 1 |  | 
| Burrow | 1 |  | 
| Freezing Breath | 1 |  | 
| Unholy Strength | 3 |  | 
| Exhume Corpses | 1 |  | 
                12 total
 » buildings
                
                | Graveyard | 1 |  | 
| Crypt | 1 |  | 
| Ziggurat | 8 |  | 
| Altar of Darkness | 1 |  | 
| Tomb of Relics | 2 |  | 
| Nerubian Tower | 2 |  | 
| Halls of the Dead | 1 |  | 
| Spirit Tower | 6 |  | 
| Black Citadel | 2 |  | 
| Slaughterhouse | 6 |  | 
| Sacrificial Pit | 1 |  | 
| Boneyard | 3 |  | 
                34 total
 » build order
                00:11 Graveyard
00:17 Crypt
00:46 Ziggurat
01:01 Altar of Darkness
01:40 Tomb of Relics
02:03 Nerubian Tower
02:17 Ziggurat
03:14 Halls of the Dead
03:33 Ziggurat
04:57 Ziggurat
05:11 Nerubian Tower
05:13 Spirit Tower
07:01 Black Citadel
07:41 Slaughterhouse
07:42 Sacrificial Pit
09:39 Boneyard
09:50 Tomb of Relics
09:53 Ziggurat
09:54 Ziggurat
09:55 Spirit Tower
10:38 Ziggurat
10:39 Ziggurat
15:17 Spirit Tower
15:17 Spirit Tower
16:08 Spirit Tower
30:30 Boneyard
30:31 Boneyard
30:35 Slaughterhouse
30:36 Slaughterhouse
30:38 Slaughterhouse
30:39 Slaughterhouse
30:40 Slaughterhouse
» items
                
                | Rod of Necromancy | 3 |  | 
| Healing Salve | 2 |  | 
| Lesser Clarity Potion | 1 |  | 
| Scroll of Speed | 2 |  | 
| Orb of Lightning | 2 |  | 
| Orb of Corruption | 1 |  | 
| Spiked Collar | 1 |  | 
| Inferno Stone | 1 |  | 
| Stone Token | 1 |  | 
| Amulet of the Wild | 1 |  | 
| Demonic Figurine | 1 |  | 
| Healing Wards | 2 |  | 
| Sobi Mask | 1 |  | 
| Red Drake Egg | 1 |  | 
| Staff of Sanctuary | 2 |  | 
| Scroll of Town Portal | 3 |  | 
| Potion of Divinity | 1 |  | 
| Boots of Quel'Thalas +6 | 1 |  | 
                27 total
  
                Chat log
          (00:01 / All) KoGG.AcO-RuSh: yay
(00:04 / All) MiSS.TUFFSiE: Lol
(00:07 / All) MiSS.TUFFSiE: win plz
(00:09 / All) KoGG.AcO-RuSh: :(
(00:11 / All) FriendlyTyler: k
(00:11 / All) AWOOTABEGAaaAAA: do you guys likke this map
(00:13 / All) KoGG.AcO-RuSh: WIN PLS
(00:18 / All) KoGG.AcO-RuSh: we love u guys
(00:23 / All) AWOOTABEGAaaAAA: because we been searching for it specifically, i hope you like this map
(00:28 / All) KoGG.AcO-RuSh: :o
(00:30 / All) MiSS.TUFFSiE: fork ovr the win
(00:36 / All) KoGG.AcO-RuSh: GIVE ME A WIN OR ELSE
(00:37 / All) AWOOTABEGAaaAAA: why would i quit on friends
(00:40 / All) AWOOTABEGAaaAAA: best map ever...
(00:40 / All) ObamalsOsama: dang..
(00:45 / All) KoGG.AcO-RuSh: :o
(00:46 / All) FriendlyTyler: Friendly Tyler thats me
(00:53 / All) MiSS.TUFFSiE: GIMME WIN NOW!!!
(00:58 / All) MiSS.TUFFSiE: ILL RUB MY TITS ON U
(01:00 / All) AoS)DirtyMnky: Seven bowls of spinach.
(01:06 / All) AWOOTABEGAaaAAA: hey pink u a girl.
(01:13 / All) MiSS.TUFFSiE: look into my tits
(01:13 / All) KoGG.AcO-RuSh: yes he is
(01:15 / All) KoGG.AcO-RuSh: I MEAN SHE
(01:16 / All) KoGG.AcO-RuSh: :/
(01:26 / All) ObamalsOsama: its like that magic school bus story
(01:31 / All) AWOOTABEGAaaAAA: want to private chat
(01:32 / All) ObamalsOsama: i would have drove the bus into the tits
(01:39 / All) KoGG.AcO-RuSh:  /f m :O
(02:09 / All) KoGG.AcO-RuSh: i will rub my dick on u
(02:11 / All) KoGG.AcO-RuSh: if u leave
(02:13 / All) KoGG.AcO-RuSh: :)
(02:15 / All) ObamalsOsama: where u live
(02:17 / All) AWOOTABEGAaaAAA: where do you likve
(02:17 / All) AoS)DirtyMnky: its worth it
(02:20 / All) KoGG.AcO-RuSh: missouri
(02:23 / All) MiSS.TUFFSiE: yea ill let u c my va jj if u leave
(02:28 / All) AWOOTABEGAaaAAA: fat redneck dick no thanks
(02:31 / All) AWOOTABEGAaaAAA: anybody live near nyc
(02:37 / All) MiSS.TUFFSiE: i live in ny
(02:44 / All) AWOOTABEGAaaAAA: where
(02:50 / All) MiSS.TUFFSiE: non ya
(03:00 / All) KoGG.AcO-RuSh: we love u guys
(03:03 / All) KoGG.AcO-RuSh:  /f a?
(03:12 / All) ObamalsOsama: kk
(03:48 / All) FriendlyTyler: stop lag
(03:51 / All) AWOOTABEGAaaAAA: go ahead kill my altar
(03:57 / All) AWOOTABEGAaaAAA: i dont plan on dying or teching to tier 3 this game
(04:08 / All) KoGG.AcO-RuSh: :(
(04:11 / All) KoGG.AcO-RuSh: stop lagging u piece of shit
(04:13 / All) KoGG.AcO-RuSh: :)
(04:38 / All) ObamalsOsama: nice main
(05:37 / Allies) ObamalsOsama: orc shop plz
(06:57 / All) KoGG.AcO-RuSh: mhers?
(07:01 / All) AWOOTABEGAaaAAA: what
(07:06 / All) ObamalsOsama: ?
(07:10 / All) MiSS.TUFFSiE: faggiest team ever
(07:12 / All) KoGG.AcO-RuSh: mhers?
(08:11 / All) AWOOTABEGAaaAAA: lmao
(08:17 / All) hyper.ch: 2EZ
(08:18 / All) ObamalsOsama: this time...
(08:21 / All) ObamalsOsama: u give us..
(08:22 / All) ObamalsOsama: free win
(08:22 / All) AWOOTABEGAaaAAA: ~*hope you like this map*~
(08:24 / All) KoGG.AcO-RuSh: :(
(08:26 / All) AoS)DirtyMnky: we like u
(08:28 / All) AoS)DirtyMnky: so we give u free win
(08:30 / All) KoGG.AcO-RuSh: :(
(08:33 / All) ObamalsOsama: thx
(08:41 / All) KoGG.AcO-RuSh: please leave i almost have my troll icon
(08:57 / All) KoGG.AcO-RuSh: :(
(09:13 / All) KoGG.AcO-RuSh: they u so mean
(09:21 / All) ObamalsOsama: u can win
(09:23 / All) ObamalsOsama: once u kill
(09:28 / All) ObamalsOsama: 10000 towers times 10
(09:29 / All) AoS)DirtyMnky: yea but its unbelievably fucking boring
(10:19 / Allies) ObamalsOsama: so much
(10:21 / Allies) ObamalsOsama: cant move dk
(10:32 / Allies) AWOOTABEGAaaAAA: share if U care
(10:46 / All) AWOOTABEGAaaAAA: do you guys like tower games
(11:25 / All) KoGG.AcO-RuSh: NICE MH
(11:27 / All) ObamalsOsama: ya
(11:28 / All) KoGG.AcO-RuSh: SEXIES
(11:45 / All) AWOOTABEGAaaAAA: if i was you i would leaf
(11:55 / All) AWOOTABEGAaaAAA: cant even surr when im not watching
(11:57 / All) AoS)DirtyMnky: i like leaves
(11:58 / All) AWOOTABEGAaaAAA: p-thetic
(12:07 / All) MiSS.TUFFSiE: s4s n give us 2nd win
(12:10 / All) KoGG.AcO-RuSh: dude i have 10 sec lag
(12:12 / All) KoGG.AcO-RuSh: so stfi
(12:17 / All) ObamalsOsama: me2
(13:03 / All) AWOOTABEGAaaAAA: damn purple you are really bad
(13:07 / All) KoGG.AcO-RuSh: >.>
(15:06 / Allies) ObamalsOsama: expos open
(16:19 / Allies) ObamalsOsama: u can get corrupt orb
(16:45 / Allies) ObamalsOsama: lol
(16:50 / Allies) ObamalsOsama: how
(17:06 / Allies) ObamalsOsama: hawk
(17:10 / All) ObamalsOsama: hack
(17:59 / All) AWOOTABEGAaaAAA: show me your cooter
(19:49 / Allies) ObamalsOsama: dont want
(20:40 / All) AoS)DirtyMnky: hackzor
(20:46 / All) FriendlyTyler: LMAO
(20:53 / All) MiSS.TUFFSiE: poor pet
(21:03 / All) FriendlyTyler: i know motion patterns sorry
(21:41 / All) ObamalsOsama: hey uguys havin fun
(21:43 / All) ObamalsOsama: cause i know i am
(22:12 / All) AoS)DirtyMnky: Zzz
(22:19 / All) AoS)DirtyMnky: this is starting to bore me
(23:50 / All) ObamalsOsama: gg
(23:58 / All) ObamalsOsama: i didnt even see u gys LOL
(25:25 / All) hyper.ch: ARE YOU GOING 100 FOOD WYRM?
(27:18 / All) FriendlyTyler: hey  noob orange
(27:23 / All) FriendlyTyler: crying?
(27:24 / All) FriendlyTyler: angry?
(27:25 / All) FriendlyTyler: good
(28:20 / Allies) ObamalsOsama: its not c+n
(28:24 / Allies) ObamalsOsama: itsc+c+n
(28:48 / All) ObamalsOsama: dang.
(28:53 / All) ObamalsOsama: imagine how bad u woulda lost on that other map..
(30:57 / All) AWOOTABEGAaaAAA: wat u doing CLown
(31:36 / All) ObamalsOsama: nice wyrms
(35:27 / All) ObamalsOsama: dota nerd
(36:33 / All) AoS)DirtyMnky: the ship has landed
(36:46 / All) ObamalsOsama: ur so bad lmao
(41:09 / All) AoS)DirtyMnky: the game is STILL going?
(41:11 / All) AoS)DirtyMnky: LOL
(41:14 / All) ObamalsOsama: were training
(41:23 / All) AoS)DirtyMnky: nah
(41:26 / All) AoS)DirtyMnky: ur just sad
(41:29 / All) FriendlyTyler: angry?
(41:30 / All) FriendlyTyler: rofl
(41:32 / All) FriendlyTyler: 647-869-9830
(41:34 / All) FriendlyTyler: call me any time
(41:36 / All) AoS)DirtyMnky: no im not angry bro
(41:36 / All) FriendlyTyler: nerd
(41:39 / All) AoS)DirtyMnky: LOL
(41:46 / All) AoS)DirtyMnky: i dont play serious on this acc
(41:54 / All) AoS)DirtyMnky: otherwise i woulda left a long long time ago
(41:59 / All) AoS)DirtyMnky: but it was fun wasting your time
(42:01 / All) AoS)DirtyMnky: :)
(42:04 / All) FriendlyTyler: enjoy your long loss bye
(42:04 / All) ObamalsOsama: lol
(42:08 / All) AoS)DirtyMnky: lol
(42:11 / All) ObamalsOsama: i do this strategy for short games
(42:13 / All) ObamalsOsama: im sure you can tell
(42:15 / All) AoS)DirtyMnky: thats nice